 Dungeon Crawl Stone Soup version 0.29-a0-330-g52719c12eb (webtiles) character file.

Game seed: 15376537374263952050

436 dohliylev the Ruffian (level 6, -8/57 HPs)
             Began as a Troll Warper on May 11, 2022.
             Mangled by an ogre
             ... wielding a +0 giant spiked club
              (22 damage)
             ... on level 4 of the Dungeon.
             The game lasted 00:06:33 (2244 turns).

dohliylev the Ruffian (Troll Warper)                Turns: 2244, Time: 00:06:34

Health: -8/57      AC:  7    Str: 22    XL:     6   Next: 69%
Magic:  7/7        EV:  8    Int:  9    God:
Gold:   205        SH:  6    Dex:  9    Spells: 8/8 levels left

rFire   . . .      SeeInvis .     - Unarmed
rCold   . . .      Faith    .   s - +0 kite shield
rNeg    . . .      Spirit   .   a - +0 robe
rPois   .          Reflect  .   (helmet restricted)
rElec   .          Harm     .   p - +2 cloak
rCorr   .          Rampage  .   (gloves unavailable)
Will    .....                   (boots unavailable)
Stlth   +.........              (no amulet)
HPRegen 0.99/turn               (no ring)
MPRegen 0.10/turn               (no ring)

@: no status effects
A: large, unfitting armour, claws 3, regeneration 1, shaggy fur 1, tough skin 1
a: no special abilities


You were on level 4 of the Dungeon.
You visited 1 branch of the dungeon, and saw 4 of its levels.
You also visited: Ossuary.

You collected 205 gold pieces.

Inventory:

Missiles
 c - 4 boomerangs of dispersal (quivered)
Armour
 a - a +0 robe (worn)
 p - a +2 cloak (worn)
 s - a +0 kite shield (worn)
Scrolls
 b - a scroll of enchant armour {unknown}
 h - 2 scrolls of amnesia
 i - 2 scrolls of enchant weapon
 m - 2 scrolls of fear {unknown}
 o - a scroll of silence {unknown}
 q - a scroll of teleportation {unknown}
Potions
 d - 3 potions of haste {unknown}
 e - 2 potions of invisibility {unknown}
 f - a potion of ambrosia
 j - 2 potions of curing {unknown}
 k - a potion of brilliance {unknown}
 l - a potion of degeneration {unknown}
 n - 5 potions of magic {unknown}
 r - 2 potions of mutation {unknown}


   Skills:
 + Level 1.8 Fighting
 + Level 1.1 Throwing
 + Level 3.2 Dodging
 + Level 1.0 Shields
 + Level 5.1 Unarmed Combat
 + Level 1.9 Spellcasting
 + Level 2.7 Translocations


You had 8 spell levels left.
You didn't know any spells.
Your spell library contained the following spells:

 Spells                   Type           Power      Damage    Failure   Level
 Apportation              Tloc           10%        N/A       28%         1
 Blink                    Tloc           10%        N/A       41%         2
 Animate Skeleton         Necr           0%         N/A       65%         1
 Summon Small Mammal      Summ           0%         N/A       65%         1
 Gell's Gravitas          Tloc           5%         N/A       65%         3
 Lesser Beckoning         Tloc           5%         N/A       65%         3
 Teleport Other           Tloc           5%         N/A       65%         3
 Call Canine Familiar     Summ           0%         N/A       95%         3
 Summon Guardian Golem    Hex/Summ       0%         N/A       95%         3
 Manifold Assault         Tloc           5%         N/A       100%        5


Dungeon Overview and Level Annotations

Branches:
Dungeon (4/15)             Temple (0/1) D:4         Ossuary (visited)

Altars:
Elyvilon
Gozag


Innate Abilities, Weirdness & Mutations

You are too large for most types of armour.
You have claws for hands.
Your natural rate of healing is unusually fast.
You are covered in fur. (AC +1)
You have tough skin. (AC +1)


Message History

The centaur zombie is severely damaged.
The centaur zombie closely misses you.
The centaur zombie kicks you but does no damage.
You claw the centaur zombie!
The centaur zombie is almost destroyed.
You block the centaur zombie's attack. The centaur zombie barely misses you.
You claw the centaur zombie!
You destroy the centaur zombie!
Your Shields skill increases to level 1!
You start resting.
The sentinel's mark upon you fades away.
You start resting.
HP restored.
You feel a little less mighty now.
Found a gate leading back out of this place.
b - a scroll labelled WIN EMEDEC WUSH
d - 2 fuming brown potions
r - 2 yellow potions (gained 1)
d - 3 fuming brown potions (gained 1)
m - 2 scrolls labelled REIBURR JINA (gained 1)
e - 2 metallic amethyst potions
n - 3 fizzy red potions (gained 1)
n - 5 fizzy red potions (gained 2) Done exploring.
Done exploring.
There is a gate leading back out of this place here.
Welcome back to the Dungeon!
The ogre hits you with a +0 giant spiked club!!
Ouch! That really hurt!
The mummy barely misses you.
There is a collapsed entrance, spattered with blood here.
Okay, then.
The ogre barely misses you. The mummy hits you!
* * * LOW HITPOINT WARNING * * *
The ogre attacks as you move away! You block the ogre's attack.
There is an open door here.
The ogre attacks as you move away!
The ogre hits you with a +0 giant spiked club!!
You die...

.....# #....# ....#
#...# #...# #...####
# # #####.....##...
##.#.#..............
#......#####@#####.#
#..##...##..O..##..#
. #....##..M##..# .#
##....##.##...# .##
####.O###....###..#
##..#..##......##
##....##........
####.##.....#
###........#


You could see an ogre and a mummy.

Vanquished Creatures
  4 centaur zombies (Ossuary)
  An orc priest (D:3)
  Crazy Yiuf (D:3)
  Terence (D:2)
  An orc wizard (D:3)
  5 mummies (Ossuary)
  4 gnolls (D:3)
  2 adders (D:2)
  2 worms (D:2)
  2 dart slugs
  4 orcs (D:3)
  5 bats
  8 endoplasms
  4 giant cockroaches
  8 goblins
  3 hobgoblins
  2 jackals (D:1)
  4 quokkas
  A ball python (D:1)
  4 hobgoblin zombies (Ossuary)
  5 kobolds
  4 rats
75 creatures vanquished.

Notes
Turn   | Place    | Note
-------+----------+-------------------------------------------
     0 | D:1      | dohliylev the Troll Warper began the quest for the Orb.
     0 | D:1      | Reached XP level 1. HP: 19/19 MP: 1/1
   130 | D:1      | Reached XP level 2. HP: 28/28 MP: 2/2
   587 | D:2      | Reached XP level 3. HP: 29/35 MP: 4/4
   910 | D:2      | Noticed Terence
   917 | D:2      | Killed Terence
   918 | D:2      | Reached XP level 4. HP: 35/42 MP: 5/5
  1243 | D:3      | Reached skill level 3 in Unarmed Combat
  1253 | D:3      | Reached XP level 5. HP: 34/49 MP: 6/6
  1459 | D:3      | Found an opulent altar of Gozag.
  1511 | D:3      | Found a white marble altar of Elyvilon.
  1645 | D:3      | Reached skill level 4 in Unarmed Combat
  1672 | D:3      | Found a runed translucent door.
  1673 | D:3      | Noticed Crazy Yiuf
  1752 | D:3      | Reached skill level 1 in Throwing
  1976 | D:3      | Killed Crazy Yiuf
  2066 | D:4      | Found a staircase to the Ecumenical Temple.
  2068 | D:4      | Noticed an ogre
  2084 | D:4      | Found a sand-covered staircase.
  2090 | Ossuary  | Entered an ossuary
  2118 | Ossuary  | Reached XP level 6. HP: 24/57 MP: 7/7
  2137 | Ossuary  | HP: 2/57 [centaur zombie (3)]
  2138 | Ossuary  | Reached skill level 5 in Unarmed Combat
  2141 | Ossuary  | Reached skill level 1 in Shields
  2244 | D:4      | Mangled by an ogre

Illustrated notes

Levels and vault maps discovered:
D:1:      minmay_arrival_pointy, layout_rooms, minmay_tetromino_t4
D:2:      layout_loops_cross, kennysheep_generic_room_3, uniq_terence
D:3:      layout_loops_ring, amcnicky_altar_gilded, elyvilon_altar_5,
          uniq_crazy_yiuf_cottage
D:4:      layout_basic, hangedman_ru_absence, xom_redecorated,
          minmay_temple_entry_drinking_statues, gup_ossuary_entry_pyramid,
          minmay_misc_feat_enclosed, corexii_leaking_fountain, uniq_duvessa

Skill      XL: |  1  2  3  4  5  6 |
---------------+-------------------+-----
Dodging        | 2 3 |  3.2
Unarmed Combat | 3 4 5 |  5.1
Throwing       | 1 |  1.1
Shields        | 1 |  1.0
Fighting       | |  1.8
Spellcasting   | |  1.9
Translocations | |  2.7

Action                   |  1- 3 |  4- 6 || total
-------------------------+-------+-------++-------
Melee: Unarmed           |    84 |   123 ||   207
       Punch             |     2 |     1 ||     3
Throw: Boomerang         |       |     3 ||     3
  Use: Potion            |       |     4 ||     4
       Scroll            |       |     3 ||     3
Armor: Robe              |    26 |    27 ||    53
       Skin              |       |   187 ||   187
Dodge: Dodged            |    36 |    62 ||    98
Block: Kite shield       |       |    55 ||    55

Table legend: (Time is in decaauts)
 A = Elapsed time spent in this place.
 B = Non-inter-level travel time spent in this place.
 C = Inter-level travel time spent in this place.
 D = Time resting spent in this place.
 E = Time spent auto-exploring this place.
 F = Levels seen in this place.
 G = Mean time per level.
                   A        B        C        D        E       F      G
               +--------+--------+--------+--------+--------+-----+--------+
         Total |   2237 |   2105 |    132 |     52 |   1519 |   5 |  447.4 |
       Dungeon |   2085 |   1953 |    132 |      0 |   1483 |   4 |  521.2 |
       Ossuary |    152 |    152 |      0 |     52 |     36 |   1 |  152.0 |
               +--------+--------+--------+--------+--------+-----+--------+

Top non-repeatable levels by time:
     D:3: 834 daAuts
     D:2: 680 daAuts
     D:1: 502 daAuts
 Ossuary: 152 daAuts
     D:4: 67 daAuts
